 Dungeon Crawl Stone Soup version 0.30.1-4-g462c640d31 (webtiles) character file.

Game seed: 1275360246373420955

6090 spardeous the Severer (level 10, 0/93 HPs)
             Began as a Minotaur Berserker on Aug 21, 2023.
             Was a High Priest of Trog.
             Hit by a javelin thrown by a centaur (6 damage)
             ... in a bailey.
             The game lasted 00:14:46 (8794 turns).

spardeous the Severer (Minotaur Berserker)          Turns: 8794, Time: 00:14:47

Health: 0/93       AC:  7    Str: 26    XL:     10   Next: 58%
Magic:  9/9        EV: 12    Int:  2    God:    Trog [*****.]
Gold:   2885       SH:  9    Dex: 10    Spells: 9/9 levels left

rFire   + + .        J - +3 battleaxe
rCold   . . .        (shield currently unavailable)
rNeg    . . .        v - +3 leather armour {rF+}
rPois   +            (helmet restricted)
rElec   .            (no cloak)
rCorr   .            (no gloves)
SInv    .            (no boots)
Will    .....        E - amulet of reflection
Stlth   +            G - ring of protection from fire
HPRegen 0.35/turn    (no ring)
MPRegen 0.11/turn

%: reflection, clarity
@: no status effects
A: horns 2, retaliatory headbutt, large bone plates 1, clarity, dopey 1, poison
resistance
a: Renounce Religion, Berserk, Trog's Hand, Brothers in Arms


You were in a bailey.
You worshipped Trog.
Trog was extremely pleased with you.
You visited 1 branch of the dungeon, and saw 9 of its levels.
You also visited: Sewer and Bailey.

You collected 2885 gold pieces.

Inventory:

Hand Weapons
 J - a +3 battleaxe (weapon)
Armour
 v - a +3 leather armour of fire resistance (worn)
Jewellery
 x - an amulet of magic regeneration
 E - an amulet of reflection (around neck)
 G - a ring of protection from fire (left hand)
Wands
 a - a wand of polymorph (5)
 w - a wand of digging (5)
 I - a wand of charming (1)
Scrolls
 h - 2 scrolls of noise {unknown}
 j - 2 scrolls of fear {unknown}
 n - 2 scrolls of enchant weapon
 o - a scroll of blinking
 p - 3 scrolls of amnesia
 r - a scroll of vulnerability
 s - 6 scrolls of teleportation
 u - 2 scrolls of magic mapping {unknown}
 y - a scroll of brand weapon {unknown}
 A - 2 scrolls of immolation {unknown}
 B - 2 scrolls of silence {unknown}
 D - a scroll of enchant armour {unknown}
 F - a scroll of fog {unknown}
 H - a scroll of poison
Potions
 c - a potion of invisibility {unknown}
 d - a potion of heal wounds
 e - a potion of flight {unknown}
 f - 5 potions of curing {unknown}
 i - 2 potions of brilliance
 l - 5 potions of mutation
 m - 2 potions of lignification {unknown}
 q - 2 potions of haste {unknown}
 t - 2 potions of might
 z - a potion of attraction


   Skills:
 - Level 10.1 Fighting
 + Level 15.0(15.1) Axes
 - Level 2.5(10.1) Maces & Flails
 - Level 7.4 Armour
 - Level 2.1 Dodging


You had 9 spell levels left.
You didn't know any spells.
Your spell library was empty.

Dungeon Overview and Level Annotations

Branches:
Dungeon (9/15)             Temple (0/1) D:5           Sewer (visited)
 Bailey (1/1)
   Lair: D:8-11         Orc: D:9-12

Altars:
Dithmenos
Makhleb
Nemelex Xobeh
Qazlal
Ru
Uskayaw

Shops:
D:8 :[

Annotations:
D:6 3 runed translucent doors, suzumiya's ghost, novice TrFi


Innate Abilities, Weirdness & Mutations

You have a pair of horns on your head.
You reflexively headbutt those who attack you in melee.
You are partially covered in large bone plates. (SH +4)
You possess an exceptional clarity of mind.
You are dopey. (Int -2)
Your system is resistant to poisons. (rPois)


Message History

The centaur shouts!
The centaur throws a javelin.
The javelin pierces through you.
You take 5 damage, and have 65/93 hp.
The centaur throws a javelin.
The javelin misses you.
An orc comes into view. It is wielding a +0 trident.
The centaur throws a javelin.
The javelin barely misses you.
The centaur throws a javelin.
The javelin pierces through you!
You take 13 damage, and have 52/93 hp.
The orc shouts!
You hear a shout!
The centaur throws a javelin.
The javelin closely misses you. You block the centaur's attack.
The centaur throws a javelin.
The javelin pierces through you!
A centaur comes into view. It is wielding a +0 spear.
You take 10 damage, and have 43/93 hp.
The centaur throws a javelin.
The javelin barely misses you.
The centaur throws a javelin.
The javelin pierces through you.
* * * LOW HITPOINT WARNING * * *
You take 5 damage, and have 38/93 hp.
The centaur throws a javelin.
The javelin pierces through you!
* * * LOW HITPOINT WARNING * * *
The centaur throws a javelin.
The javelin barely misses you.
You take 10 damage, and have 28/93 hp.
The orc hits you but does no damage.
The centaur throws a javelin.
The javelin pierces through you but does no damage.
The centaur throws a javelin.
The javelin pierces through you.
* * * LOW HITPOINT WARNING * * *
You take 1 damage, and have 27/93 hp.
The centaur throws a javelin.
The javelin pierces through you.
* * * LOW HITPOINT WARNING * * *
You take 4 damage, and have 23/93 hp.
The centaur throws a javelin.
The javelin completely misses you.
The centaur throws a javelin.
The javelin pierces through you!
* * * LOW HITPOINT WARNING * * *
You take 9 damage, and have 14/93 hp.
The centaur throws a javelin.
The javelin pierces through you but does no damage.
The centaur hits you from afar with a +0 halberd!
* * * LOW HITPOINT WARNING * * *
The centaur throws a javelin.
The javelin pierces through you.
You die...

##.......⌠#######).......##
##.....)...))..........##
##......)))).........##
#########'''#########
##≈≈≈≈≈≈≈#...#≈≈≈≈≈≈≈##
#≈≈≈≈≈≈≈≈#...#≈≈≈≈≈≈≈≈##
≈≈≈≈≈≈≈≈.#...#.≈≈≈≈≈≈≈≈#
≈≈≈≈≈≈.o≈#...#≈c.≈≈≈≈≈≈≈#
≈≈≈≈..≈≈≈...)@≈≈≈.c≈≈≈≈≈#
≈≈≈.≈≈≈.........≈≈≈.≈≈≈≈#
≈≈≈c≈.....≈≈≈.....≈.≈≈≈≈#
≈≈.≈≈.⌠..≈≈≈≈≈.o⌠.≈≈.≈≈≈#
≈≈.≈.....≈≈≈≈≈.o.).≈.≈≈≈#
≈.≈≈....≈≈~~o≈≈....≈≈.≈≈#
≈o≈.....≈~≈~≈~≈c....≈.≈≈#
≈.≈.....≈~≈:≈~≈.....≈.≈≈#
≈.≈.....≈~≈)≈~≈.....≈.≈≈#


You could see 2 orc warriors, 3 centaurs and 2 orcs.

Vanquished Creatures
  A troll (D:9)
  A vampire (D:9)
  4 yaks (D:9)
  A wraith (D:9)
  4 vampire mosquitoes (D:8)
  2 water moccasins (D:6)
  Duvessa (D:4)
  7 orc warriors
  3 ice beasts
  4 centaurs
  An ogre (D:4)
  A phantom (D:5)
  4 kobold brigands
  2 bullfrogs (D:6)
  13 wights
  Dowan (D:4)
  12 killer bees
  2 jellies
  5 orc priests
  2 sleepcaps (D:5)
  2 gnoll boudas
  2 hounds
  An iguana (D:4)
  Ijyb (D:4)
  5 orc wizards
  12 adders
  15 gnolls
  12 river rats
  2 shadow imps
  3 white imps
  2 worms
  4 dart slugs
  50 orcs
  9 endoplasms
  9 giant cockroaches
  5 hobgoblins
  4 jackals (D:1)
  3 quokkas
  11 ball pythons
  A bat (D:3)
  2 frilled lizards
  7 goblins
  33 kobolds
  25 rats
291 creatures vanquished.

Notes
Turn   | Place    | Note
-------+----------+-------------------------------------------
     0 | D:1      | spardeous the Minotaur Berserker began the quest for the
                  | Orb.
     0 | D:1      | Reached XP level 1. HP: 19/19 MP: 0/0
    52 | D:1      | Reached skill level 4 in Axes
    54 | D:1      | Reached XP level 2. HP: 27/27 MP: 1/1
   306 | D:1      | Reached XP level 3. HP: 34/34 MP: 2/2
   772 | D:2      | Reached ** piety under Trog
   802 | D:2      | Found a faded altar of an unknown god.
  1070 | D:2      | Reached XP level 4. HP: 41/41 MP: 3/3
  1232 | D:3      | Reached skill level 5 in Fighting
  1313 | D:3      | Reached skill level 5 in Axes
  1627 | D:3      | Found a glowing drain.
  1633 | D:3      | Reached XP level 5. HP: 48/48 MP: 4/4
  1636 | Sewer    | Entered a sewer
  1679 | Sewer    | Reached skill level 6 in Axes
  1732 | Sewer    | Reached *** piety under Trog
  1775 | Sewer    | Reached XP level 6. HP: 49/57 MP: 5/5
  2111 | Sewer    | Reached **** piety under Trog
  2444 | D:3      | Found a hide-covered altar of Uskayaw.
  2674 | D:3      | Identified a scroll of acquirement
  2794 | D:4      | Reached skill level 7 in Axes
  2860 | D:4      | Found a stormy altar of Qazlal.
  2869 | D:4      | Noticed Dowan
  2869 | D:4      | Noticed Duvessa
  2883 | D:4      | Killed Duvessa
  2884 | D:4      | Reached XP level 7. HP: 45/66 MP: 6/6
  2891 | D:4      | Killed Dowan
  2894 | D:4      | Gained mutation: You are partially covered in large bone
                  | plates. (SH +4) [potion of mutation]
  2894 | D:4      | Gained mutation: You are dopey. (Int -2) [potion of
                  | mutation]
  2894 | D:4      | Gained mutation: You possess an exceptional clarity of
                  | mind. [potion of mutation]
  2894 | D:4      | Gained mutation: Your system is resistant to poisons.
                  | (rPois) [potion of mutation]
  3051 | D:4      | Noticed Ijyb
  3064 | D:4      | Killed Ijyb
  3316 | D:4      | Reached skill level 8 in Axes
  3848 | D:5      | Entered Level 5 of the Dungeon
  4124 | D:5      | Found a burning altar of Makhleb.
  4163 | D:5      | Found a sparkling altar of Nemelex Xobeh.
  4225 | D:5      | Reached XP level 8. HP: 69/75 MP: 7/7
  4426 | D:5      | Reached skill level 9 in Axes
  4745 | D:5      | Found a staircase to the Ecumenical Temple.
  4945 | D:6      | Noticed a boulder beetle
  4948 | D:6      | Noticed suzumiya's ghost (novice TrFi)
  4951 | D:6      | Found a runed translucent gate.
  4951 | D:6      | Found a runed translucent gate.
  4951 | D:6      | Found a runed translucent gate.
  4952 | D:6      | Noticed a troll
  4962 | D:6      | Reached ***** piety under Trog
  5213 | D:6      | Reached skill level 10 in Fighting
  5213 | D:6      | Reached skill level 10 in Axes
  5235 | D:6      | Reached skill level 1 in Maces & Flails
  5451 | D:6      | Found a shadowy altar of Dithmenos.
  5454 | D:6      | Found a sacrificial altar of Ru.
  5670 | D:7      | Identified the +4 robe "Bejaighi" {rF+}
  5829 | D:7      | Reached XP level 9. HP: 83/85 MP: 8/8
  5940 | D:7      | Reached skill level 5 in Armour
  6139 | D:7      | Received a gift from Trog
  6554 | D:8      | Found Gethret's Armour Shoppe.
  6836 | D:8      | Reached skill level 11 in Axes
  7011 | D:8      | Reached skill level 12 in Axes
  7208 | D:8      | Found Meoxt's Book Shoppe.
  7387 | D:8      | Reached XP level 10. HP: 88/93 MP: 9/9
  7686 | D:9      | Reached skill level 13 in Axes
  7716 | D:9      | Reached skill level 14 in Axes
  7941 | D:9      | Found a flagged portal.
  7976 | Bailey   | Entered a bailey
  7987 | Bailey   | Acquired 1019 gold pieces
  7988 | Bailey   | Acquired 1303 gold pieces
  8517 | Bailey   | Reached skill level 15 in Axes
  8794 | Bailey   | Hit by a javelin thrown by a centaur

Illustrated notes

Levels and vault maps discovered:
D:1:      lightli_arrival_statue_moat, layout_basic
D:2:      layout_basic, hellmonk_ecumenical_altar_prayer_group
D:3:      layout_loops_cross, mainiacjoe_overflow_tiny_flanked,
          portal_sewer_entry_e
D:4:      layout_basic, nicolae_qazlal_eye_of_the_storm,
          hangedman_decor_slide_cut, corexii_checkpoint_a, kennysheep_potato,
          uniq_ijyb, uniq_duvessa
D:5:      layout_basic, mainiacjoe_overflow_boulevard,
          nemelex_spade_bored_becter, minmay_temple_entry_enclosed_plants,
          hangedman_decor_riveting, minmay_holes, kennysheep_nondescript
D:6:      layout_basic, gammafunk_temple_overflow_statue, gammafunk_ghost_split,
          serial_curves, eino_curves_03, eino_curves_04
D:7:      layout_rooms
D:8:      layout_basic, serial_shops, shop, nicolae_stop_n_shop_1,
          corexii_corridor_pit
D:9:      layout_irregular_city, enter_bailey_5
Bailey:   bailey_polearm_flooded_kennysheep, bailey

Skill      XL: |  1  2  3  4  5  6  7  8  9 10 |
---------------+-------------------------------+-----
Fighting       | 4 5 6 7 8 10 | 10.1
Axes           | 4 5 6 7 8 10 12 15 | 15.0
Maces & Flails | 2 |  2.5
Armour         | 4 7 |  7.4
Dodging        | |  2.1

Action                     |  1- 3 |  4- 6 |  7- 9 | 10-12 || total
---------------------------+-------+-------+-------+-------++-------
  Melee: Hand axe          |    64 |   175 |   230 |       ||   469
         Headbutt          |    15 |    24 |    46 |    14 ||    99
         Punch             |       |       |     3 |       ||     3
         Battleaxe         |       |       |    73 |    94 ||   167
 Invoke: Berserk           |     1 |     2 |     4 |     2 ||     9
         Trog's Hand       |       |       |       |     2 ||     2
    Use: Scroll            |       |     6 |       |     7 ||    13
         Potion            |       |       |     2 |     1 ||     3
   Stab: Sleeping          |     1 |       |       |       ||     1
 Armour: Animal skin       |     1 |       |       |       ||     1
         Scale mail        |    16 |    70 |     1 |       ||    87
         Leather armour    |       |       |    49 |    33 ||    82
  Dodge: Dodged            |    41 |    85 |   119 |   105 ||   350
  Block: Other             |       |       |    84 |    85 ||   169
